cohdb
Replays
Latest Replays
All Replays
Popular Replays
Top Player Replays
Match Explorer
How It Works
Community
CoH3 Stats
Reddit
Sign in to upload your games and track your stats! →
Sign in with Steam
Match 42788121
Unlisted
Match 42788121
Overview
Messages
Build Orders
End
Scout Squad
Construct Barracks
Riflemen Squad
Riflemen Squad
Infantry Support Center
Construct Weapon Support Center
M1919 Machine Gun Team
M3 Armored Personnel Carrier
Selects Heavy Weapons
Selects M2HB .50cal Heavy Machine Gun
Construct Medical Station
Engineer Squad
Selects Assault Carriers
Selects Exchangeable Parts
M1918 Browning Automatic Rifles
Riflemen Squad
Grenade Package
Tomsch
Monsieur Nathan
0
0
Comments
sign in to comment!
No comments posted yet!